 Dungeon Crawl Stone Soup version 0.30.0-5-g1a98f26d00 (webtiles) character file.

Game seed: 8412512772629446390

92 NinjaNoafa the Magician (level 4, 0/36 HPs)
             Began as a Deep Elf Transmuter on May 9, 2023.
             Slain by a gnoll
             ... wielding a +0 club
              (1 damage)
             ... on level 3 of the Dungeon.
             The game lasted 00:04:07 (1726 turns).

NinjaNoafa the Magician (Deep Elf Transmuter)       Turns: 1726, Time: 00:04:07

Health: 0/36       AC: 22    Str:  7    XL:     4   Next: 35%
Magic:  12/12      EV:  2    Int: 20    God:
Gold:   87         SH:  0    Dex: 15    Spells: 9/12 levels left

rFire   . .          .
                       - Unarmed
rCold   . . .        (no shield)
rNeg    . . .        a - melded +0 robe
rPois   +            (helmet currently unavailable)
rElec   .            (cloak currently unavailable)
rCorr   .            k - melded +0 pair of gloves
SInv    .            (boots currently unavailable)
Will    .....        (no amulet)
Stlth   +            (no ring)
HPRegen 0.26/turn    (no ring)
MPRegen 0.13/turn

%: no passive effects
@: lethally poisoned (0 -> -3), tree-form, wereblooded (expiring)
A: stationary, stasis, torment immunity, boosted hp
a: no special abilities


You were on level 3 of the Dungeon.
You were a tree.
You visited 1 branch of the dungeon, and saw 3 of its levels.

You collected 87 gold pieces.

Inventory:

Missiles
 h - 18 poisoned darts
Armour
 a - a +0 robe (melded)
 k - a +0 pair of gloves (melded)
Scrolls
 c - a scroll of teleportation {unknown}
 e - 3 scrolls of identify {unknown}
 g - a scroll of enchant armour {unknown}
 j - a scroll of fear {unknown}
Potions
 d - 2 potions of haste {unknown}
 f - a potion of degeneration {unknown}
 i - a potion of flight {unknown}
 l - a potion of curing {unknown}


   Skills:
 - Level 0.7 Fighting
 - Level 2.4 Dodging
 - Level 2.4 Unarmed Combat
 + Level 4.9 Spellcasting
 + Level 3.9 Transmutations


You had 9 spell levels left.
You knew the following spells:

 Your Spells              Type           Power      Damage    Failure   Level
a - Beastly Appendage     Tmut           40%        N/A       2%          1
b - Wereblood             Tmut           20%        N/A       3%          2

Your spell library contained the following spells:

 Spells                   Type           Power      Damage    Failure   Level
 Spider Form              Tmut/Pois      12%        N/A       16%         3
 Dazzling Flash           Conj/Hex       8%         N/A       34%         3
 Volatile Blastmotes      Fire/Tloc      8%         2d10      34%         3
 Ice Form                 Ice/Tmut       12%        N/A       45%         4
 Iskenderun's Mystic Bla  Conj/Tloc      4%         2d3       75%         4
 Starburst                Conj/Fire      2%         6d3       100%        6


Dungeon Overview and Level Annotations

Branches:
Dungeon (3/15) Zot: 16238

Altars:

Shops:
D:2 =


Message History

The gnoll hits you but does no damage. x2; The gnoll hits you with a +0 club.
* * * LOW HITPOINT WARNING * * *
You barely miss the gnoll.
The gnoll is almost dead.
The gnoll hits you but does no damage. The gnoll completely misses you.
The gnoll hits you but does no damage.
You smack the gnoll!
You feel a bit better.
You kill the gnoll!
The gnoll throws a throwing net.
The throwing net hits you.
You become entangled in the net!
The gnoll hits you but does no damage.
You struggle against the net.
The gnoll barely misses you. The gnoll hits you but does no damage.
You struggle against the net.
The gnoll hits you but does no damage. x3
You struggle against the net.
The gnoll hits you but does no damage. x2
The gnoll hits you with a +0 club.
* * * LOW HITPOINT WARNING * * *
Unknown command.
You shred the net and break free!
The gnoll hits you but does no damage. x3
You smack the gnoll!
You punch the gnoll.
The gnoll is almost dead.
The gnoll hits you but does no damage.
You are poisoned.
The gnoll hits you but does no damage. x2
You smack the gnoll!
You feel a bit better.
You kill the gnoll!
Your primal bloodlust is almost over.
You feel sick. The gnoll barely misses you.
The gnoll hits you but does no damage.
You hit the gnoll.
The gnoll is moderately wounded.
You feel sick.
The gnoll hits you but does no damage. x2
You barely miss the gnoll.
The gnoll is moderately wounded.
You feel sick.
You hit the gnoll.
The gnoll is severely wounded.
You feel sick. The gnoll hits you with a +0 flail.
* * * LOW HITPOINT WARNING * * *
The gnoll hits you with a +0 club.
You die...

#.# #.######.## #.### #...
....# #### #g#.# ##+## #
#.#.# ##...## ##### # #.#.##
##.....## #.... #.#....##
##......>## #.###
#.#.#...####)........####.# #
..###.....g♣........'....###
###.#...####g........####....
#.#.## ##.......## ##.#.
#.### ##.....## #### #.#
##...## # #.# ##'## # #.# #.#
# #.# #.# # #.# #########.##
#


You could see 2 gnolls.

Vanquished Creatures
  2 gnolls (D:3)
  2 adders
  A shadow imp (D:3)
  2 worms (D:2)
  2 dart slugs (D:2)
  3 ball pythons (D:1)
  2 endoplasms (D:1)
  6 goblins
  3 hobgoblins
  2 quokkas (D:2)
  3 bats
  2 frilled lizards (D:2)
  6 kobolds
  4 rats
40 creatures vanquished.

Notes
Turn   | Place    | Note
-------+----------+-------------------------------------------
     0 | D:1      | NinjaNoafa the Deep Elf Transmuter began the quest for the
                  | Orb.
     0 | D:1      | Reached XP level 1. HP: 11/11 MP: 6/6
   155 | D:1      | Reached XP level 2. HP: 10/16 MP: 5/8
   158 | D:1      | Learned a level 2 spell: Wereblood
   919 | D:2      | Reached skill level 4 in Spellcasting
   979 | D:2      | Reached XP level 3. HP: 20/20 MP: 7/10
  1200 | D:2      | Found Cauxze's Jewellery Emporium.
  1412 | D:2      | Noticed an eye of devastation
  1414 | D:2      | Found a faded altar of an unknown god.
  1416 | D:2      | Noticed an eye of devastation
  1416 | D:2      | Noticed a shining eye
  1416 | D:2      | Noticed an eye of devastation
  1492 | D:3      | Identified the +6 dagger of Unreason {flame, rN++}
  1528 | D:3      | Reached XP level 4. HP: 13/24 MP: 9/12
  1726 | D:3      | HP: 1/36 [gnoll/+0 flail (6)]
  1726 | D:3      | Slain by a gnoll

Illustrated notes

Levels and vault maps discovered:
D:1:      dpeg_arrival_rooms_c, layout_loops_corners, serial_bayou_lake_a
D:2:      layout_basic, hellmonk_ecumenical_altar_watching_god, serial_shops,
          nicolae_shop_hallway_plus, hangedman_abyss_or_decor_stabs
D:3:      layout_loops_corners, yredelemnul_forgotten_temple_becter

Skill      XL: |  1  2 |
---------------+-------+-----
Transmutations | 3 |  3.9
Spellcasting   | 4 |  4.9
Fighting       | |  0.7
Dodging        | |  2.4
Unarmed Combat | |  2.4

Action                     |  1- 3 |  4- 6 || total
---------------------------+-------+-------++-------
  Melee: Unarmed           |   110 |    14 ||   124
         Kick              |    30 |     1 ||    31
         Headbutt          |    11 |     1 ||    12
         Punch             |     2 |     1 ||     3
   Cast: Beastly Appendage |    23 |     1 ||    24
         Wereblood         |    14 |     1 ||    15
    Use: Potion            |     1 |     1 ||     2
   Stab: Sleeping          |     1 |       ||     1
 Armour: Robe              |    25 |     1 ||    26
         Skin              |     9 |    24 ||    33
  Dodge: Dodged            |    72 |     5 ||    77
